 Dungeon Crawl Stone Soup version 0.22.0-40-g68aacdc4c8 (webtiles) character file.

110 Kaderl the Purveyor of Pain (level 5, -7/35 HPs)
             Began as a Human Necromancer on Sept 1, 2018.
             Was an Initiate of Kikubaaqudgha.
             Shot with an arrow by a centaur (11 damage)
             ... on level 3 of the Dungeon.
             The game lasted 00:16:43 (2578 turns).

Kaderl the Purveyor of Pain (Human Necromancer)     Turns: 2578, Time: 00:16:43

Health: -7/35      AC:  3    Str:  8    XL:     5   Next: 14%
Magic:  8/9        EV: 12    Int: 17    God:    Kikubaaqudgha [......]
Gold:   125        SH:  0    Dex: 13    Spells: 4/9 levels left

rFire    . . .     SeeInvis .   g - +1 dagger (venom)
rCold    . . .     Gourm    .   (no shield)
rNeg     . . .     Faith    .   a - +0 robe
rPois    .         Spirit   .   (no helmet)
rElec    .         Reflect  .   (no cloak)
rCorr    .         Harm     .   i - +0 pair of gloves
MR       .....                  (no boots)
Stlth    ++........             (no amulet)
HPRegen  0.11/turn              (no ring)
MPRegen  0.11/turn              (no ring)

@: no status effects
A: no striking features
a: Renounce Religion


You were on level 3 of the Dungeon.
You worshipped Kikubaaqudgha.
Kikubaaqudgha was noncommittal.
You were not hungry.

You visited 1 branch of the dungeon, and saw 3 of its levels.

You collected 125 gold pieces.

Inventory:

Hand Weapons
 g - a +1 dagger of venom (weapon)
Armour
 a - a +0 robe (worn)
 i - a +0 pair of gloves (worn)
Scrolls
 e - 4 scrolls of remove curse
 f - 4 scrolls of fog
 n - 3 scrolls of amnesia
Potions
 d - a potion of curing
 h - a potion of haste {unknown}
 k - a potion of invisibility {unknown}
 l - 2 potions of heal wounds {unknown}
 m - a potion of mutation {unknown}
 o - a potion of cancellation {unknown}
 p - a potion of ambrosia {unknown}
 q - a potion of brilliance {unknown}
Comestibles
 c - 3 rations
 j - 8 chunks of flesh


   Skills:
 + Level 0.1 Fighting
   Level 0.6 Maces & Flails
 + Level 2.2 Dodging
 + Level 2.5 Stealth
 + Level 0.2 Unarmed Combat
 + Level 2.8 Spellcasting
 + Level 5.0 Necromancy


You had 4 spell levels left.
You knew the following spells:

 Your Spells              Type           Power        Failure   Level  Hunger
a - Pain                  Necr           ###.         2%          1    #......
b - Animate Skeleton      Necr           N/A          2%          1    #......
c - Regeneration          Chrm/Necr      ##........   19%         3    ###....

Your spell library contained the following spells:

 Spells                   Type           Power        Failure   Level  Hunger
 Vampiric Draining        Necr           ###.......   7%          3    ###....
 Animate Dead             Necr           N/A          22%         4    #####..


Dungeon Overview and Level Annotations

Branches:
Dungeon (3/15)

Altars:
Fedhas
Kikubaaqudgha
Qazlal
Uskayaw
Xom
Zin


Message History

The dead are walking!
The centaur wields a shortbow.
The centaur shoots an arrow.
The arrow hits you!
Things that are here:
an arrow; a chunk of flesh What are your orders? t - Shout!
Orders for allies: a - Attack new target. r - Retreat! s - Stop attacking. g - Guard the area. f - Follow me.
Anything else - Cancel.
Gang up on whom?
Press: ? - help, Dir - move target cursor, f - centaur
Aim: a centaur, wielding a shortbow Attack!
The centaur shoots an arrow.
The arrow hits you!
* * * LOW HITPOINT WARNING * * *
The centaur shoots an arrow.
The arrow barely misses your frilled lizard skeleton.
The arrow hits you!
You die...
Kikubaaqudgha rasps: "You have failed me!
Welcome... death!"

#.Z##..##.............#
#.###.##......%...<.###
#Z##..................#
###.##..######.######.#..
#...##...# ...# ....
#.###..#.# #.#.# ..#.
#.#...##Z# #.#. ###
#.Z.####.### ##### #@Z#
##(# #.Z# ##... #....
#..... .#c.# #... ..


You could see a centaur, a friendly frilled lizard skeleton, a friendly quokka
skeleton and a friendly kobold skeleton.

Vanquished Creatures
  A gnoll (D:1)
  3 adders (D:2)
  2 worms (D:2)
  3 dart slugs (D:1)
  A leopard gecko (D:3)
  2 giant cockroaches
  5 goblins
  4 hobgoblins
  3 jackals (D:1)
  2 kobolds
  A quokka (D:3)
  3 bats
  2 frilled lizards
  4 rats
36 creatures vanquished.

Vanquished Creatures (collateral kills)
  2 adders
  A worm (D:2)
  A dart slug (D:1)
  A goblin (D:1)
  A jackal (D:1)
  A bat (D:1)
  A frilled lizard (D:3)
  A kobold (D:1)
  A rat (D:2)
10 creatures vanquished.

Vanquished Creatures (others)
  An adder (D:2)
1 creature vanquished.

Grand Total: 47 creatures vanquished

Notes
Turn   | Place    | Note
-------+----------+-------------------------------------------
     0 | D:1      | Kaderl the Human Necromancer began the quest for the Orb.
     0 | D:1      | Reached XP level 1. HP: 13/13 MP: 3/3
    55 | D:1      | Learned a level 1 spell: Animate Skeleton
   231 | D:1      | Reached XP level 2. HP: 12/19 MP: 3/5
   936 | D:1      | Reached XP level 3. HP: 12/24 MP: 0/6
  1106 | D:1      | Found a stormy altar of Qazlal.
  1108 | D:1      | Found a hazy altar of Hepliaklqana.
  1108 | D:1      | Found a basalt altar of Yredelemnul.
  1112 | D:1      | Found a shimmering altar of Xom.
  1112 | D:1      | Found a shattered altar of Ashenzari.
  1112 | D:1      | Found a basalt altar of Yredelemnul.
  1341 | D:2      | Found a blossoming altar of Fedhas.
  1423 | D:2      | Learned a level 3 spell: Regeneration
  1463 | D:2      | Found a faded altar of an unknown god.
  1488 | D:2      | Reached XP level 4. HP: 15/30 MP: 2/7
  1529 | D:2      | Found an ancient bone altar of Kikubaaqudgha.
  1534 | D:2      | Became a worshipper of Kikubaaqudgha
  1607 | D:2      | Found a glowing silver altar of Zin.
  1898 | D:2      | Found a stormy altar of Qazlal.
  2013 | D:2      | Reached skill level 5 in Necromancy
  2399 | D:3      | Reached XP level 5. HP: 32/35 MP: 4/9
  2461 | D:3      | Found a hide-covered altar of Uskayaw.
  2569 | D:3      | Noticed a centaur
  2578 | D:3      | Shot with an arrow by a centaur

Skill      XL: |  1  2  3  4 |
---------------+-------------+-----
Necromancy     | 5 |  5.0
Fighting       | |  0.1
Maces & Flails | |  0.6
Dodging        | |  2.2
Stealth        | |  2.5
Unarmed Combat | |  0.2
Spellcasting   | |  2.8

Action                   |  1- 3 |  4- 6 || total
-------------------------+-------+-------++-------
Melee: Unarmed           |    11 |       ||    11
       Club              |    40 |     1 ||    41
       Dagger            |       |    20 ||    20
 Cast: Pain              |    23 |    28 ||    51
       Animate Skeleton  |    11 |    10 ||    21
       Regeneration      |       |     1 ||     1
  Use: Scroll            |     4 |     4 ||     8
       Potion            |     1 |       ||     1
 Stab: Sleeping          |     1 |     1 ||     2
  Eat: Chunk             |     2 |     4 ||     6
Armor: Robe              |    19 |     4 ||    23
Dodge: Dodged            |    37 |    17 ||    54
